 Dungeon Crawl Stone Soup version 0.28.0-53-g5a82cb258f (webtiles) character file.

Game seed: 1633027714176631739

1578 safid the Cleaver (level 8, -32/66 HPs)
             Began as a Hill Orc Fighter on Aug 2, 2022.
             Annihilated by a boulder beetle (41 damage)
             ... on level 6 of the Dungeon.
             The game lasted 00:08:20 (5958 turns).

safid the Cleaver (Hill Orc Fighter)                Turns: 5958, Time: 00:08:21

Health: -32/66     AC:  7    Str: 21    XL:     8   Next: 91%
Magic:  2/2        EV: 13    Int:  8    God:
Gold:   156        SH:  4    Dex:  8    Spells: 7/7 levels left

rFire   . . .      SeeInvis +   A - +6 rapier of Welfare {antimagic, rPois rCorr Dex-2 SInv}
rCold   . . .      Faith    .   c - +0 buckler
rNeg    . . .      Spirit   .   b - +0 scale mail
rPois   +          Reflect  .   (no helmet)
rElec   .          Harm     .   (no cloak)
rCorr   +          Rampage  .   (no gloves)
Will    .....                   (no boots)
Stlth   ..........              (no amulet)
HPRegen 0.21/turn               e - +4 ring of evasion
MPRegen 0.08/turn               (no ring)

@: no status effects
A: no striking features
a: no special abilities


You were on level 6 of the Dungeon.
You visited 1 branch of the dungeon, and saw 6 of its levels.

You collected 273 gold pieces.
You spent 117 gold pieces at shops.

Inventory:

Hand Weapons
 a - a +0 war axe
 z - the +11 hunting sling of Cheibriados {flame, rPois Will+++ Dex-4 Stlth+}
   (You found it on level 6 of the Dungeon)

   Any ammunition fired from it burns those it strikes, dealing additional fire
   damage.
   Dex:       It affects your dexterity (-4).
   rPois:     It protects you from poison.
   Will:      It greatly increases your willpower.
   Stlth:     It makes you more stealthy.
 A - the +6 rapier of Welfare (weapon) {antimagic, rPois rCorr Dex-2 SInv}
   (You found it on level 6 of the Dungeon)

   It reduces the magical energy of the wielder, and disrupts the spells and
   magical abilities of those it strikes.
   Natural abilities and divine invocations are not affected.
   Dex:       It affects your dexterity (-2).
   rPois:     It protects you from poison.
   SInv:      It lets you see invisible.
   rCorr:     It protects you from acid and corrosion.
Armour
 b - a +0 scale mail (worn)
 c - a +0 buckler (worn)
Jewellery
 e - a +4 ring of evasion (left hand)
 y - a ring of protection from fire
Wands
 r - a wand of flame (6)
Scrolls
 g - 3 scrolls of identify {unknown}
 i - a scroll of teleportation
 l - 3 scrolls of blinking {unknown}
 n - a scroll of noise {unknown}
 p - a scroll of summoning {unknown}
 q - a scroll of holy word {unknown}
 s - 4 scrolls of fear
 u - 2 scrolls of silence {unknown}
 v - a scroll of magic mapping {unknown}
 w - a scroll of amnesia
Potions
 f - a potion of heal wounds {unknown}
 h - 2 potions of curing {unknown}
 k - 2 potions of attraction {unknown}
 m - 3 potions of lignification {unknown}
 o - 2 potions of cancellation {unknown}
 t - 4 potions of degeneration
 x - a potion of invisibility {unknown}


   Skills:
 - Level 4.0 Fighting
 + Level 13.6 Axes
 - Level 4.0 Armour
 - Level 4.0 Shields


You had 7 spell levels left.
You didn't know any spells.
Your spell library contained the following spells:

 Spells                   Type           Power      Damage    Failure   Level
 Airstrike                Air            0%         N/A       100%        4
 Olgreb's Toxic Radiance  Pois           0%         N/A       100%        4
 Summon Lightning Spire   Summ/Air       0%         N/A       100%        4
 Lightning Bolt           Conj/Air       0%         1d11      100%        5
 Ozocubu's Refrigeration  Ice            0%         4d5       100%        7
 Ignition                 Fire           0%         3d3       100%        8


Dungeon Overview and Level Annotations

Branches:
Dungeon (6/15)
 Temple: D:4-7

Altars:
Makhleb
Nemelex Xobeh

Shops:
D:3 *(:   D:4 **   D:6 [

Annotations:
D:2 1 runed translucent door, Crazy Yiuf


Message History

Throw: 3 darts (poison)
Press: ? - help, Q - select action, (/) - cycle Shift-Dir - straight line, f/p - boulder beetle
Aim: a boulder beetle (lightly wounded, poisoned, 89% to hit)
You throw a poisoned dart.
The poisoned dart barely misses the boulder beetle.
Unknown command.
Throw: 2 darts (poison)
Press: ? - help, Q - select action, (/) - cycle Shift-Dir - straight line, f/p - boulder beetle
Aim: a boulder beetle (lightly wounded, poisoned, 89% to hit)
You throw a poisoned dart.
The poisoned dart hits the boulder beetle.
The boulder beetle is lightly wounded.
Throw: dart (poison)
Press: ? - help, Q - select action, (/) - cycle Shift-Dir - straight line, f/p - boulder beetle
Aim: a boulder beetle (lightly wounded, poisoned, 89% to hit)
You throw a poisoned dart.
The poisoned dart hits the boulder beetle.
The boulder beetle is lightly wounded.
You hit the boulder beetle but do no damage.
The boulder beetle is lightly wounded.
The boulder beetle leaps!
The boulder beetle curls into a ball and begins rolling!
You start waiting.
A boulder beetle is nearby!
Things that are here:
a +0 flail; a +0 club; a +0 halberd You hit the boulder beetle but do no damage.
The boulder beetle is lightly wounded.
The boulder beetle looks more healthy.
The boulder beetle hits you!!!
Ouch! That really hurt!
The boulder beetle stops rolling and uncurls.
You hit the boulder beetle.
The boulder beetle is lightly wounded.
The boulder beetle bites you!!
* * * LOW HITPOINT WARNING * * *
The boulder beetle leaps!
The boulder beetle curls into a ball and begins rolling!
The boulder beetle hits you!!!
Ouch! That really hurt!
You die...

#####.....#
#...#'#.#.#
#.###∩###.#
#.###'#...#
#.......###
############..#<#
#...##........#.#
######
#.#.##.######.#.#
#....####.#.....@.#
#.#.#
#.#.......###..B#.#
#.#.# #.#..######
#.○...# #.#.#
#.#..########°.####
#.#.#
............°>..#
#...#
#.#.##.#####°...#
##### #...##.#
#.####### .#####.#
#..))...# .#####.#
#.#####.#


You could see a boulder beetle (rolling).

Vanquished Creatures
  Prince Ribbit (D:5)
  A shadow (D:6)
  A hornet zombie (D:6)
  An ice beast (D:5)
  2 ogres
  A scorpion (D:5)
  A water moccasin zombie (D:5)
  A gnoll sergeant (D:6)
  A bullfrog zombie (D:6)
  5 hounds
  2 centaur zombies (D:5)
  2 jellies (D:5)
  A bullfrog skeleton (D:5)
  An iguana (D:6)
  3 orc wizards
  2 hound skeletons
  6 gnolls
  4 adders
  3 shadow imps
  An ufetubus (D:4)
  2 worms
  3 dart slugs
  18 orcs
  6 bats
  9 endoplasms
  2 giant cockroaches (D:4)
  2 goblins
  3 hobgoblins
  7 jackals (D:1)
  A quokka (D:4)
  8 ball pythons
  7 kobolds
  5 rats
113 creatures vanquished.

Notes
Turn   | Place    | Note
-------+----------+-------------------------------------------
     0 | D:1      | safid the Hill Orc Fighter began the quest for the Orb.
     0 | D:1      | Reached XP level 1. HP: 19/19 MP: 1/1
    28 | D:1      | You fall into a shaft and drop 1 floor!
    61 | D:1      | Reached skill level 3 in Axes
    61 | D:1      | Reached XP level 2. HP: 27/27 MP: 2/2
   321 | D:1      | Reached XP level 3. HP: 33/33 MP: 3/3
  1059 | D:2      | Found a runed translucent door.
  1060 | D:2      | Noticed Crazy Yiuf
  1230 | D:2      | Found a faded altar of an unknown god.
  1558 | D:3      | Found Darphigao's Book Boutique.
  1576 | D:3      | Reached XP level 4. HP: 38/40 MP: 4/4
  1630 | D:3      | Reached skill level 4 in Axes
  1642 | D:3      | Found Qure's Weapon Shoppe.
  2048 | D:3      | Found Yrracus's General Store.
  2051 | D:3      | Bought a scroll of fear for 35 gold pieces
  2051 | D:3      | Bought a potion of degeneration for 10 gold pieces
  2051 | D:3      | Bought a scroll of teleportation for 30 gold pieces
  2265 | D:4      | Reached skill level 5 in Axes
  2495 | D:4      | Reached XP level 5. HP: 45/46 MP: 5/5
  2505 | D:4      | Noticed an ogre
  2511 | D:4      | Killed an ogre
  2512 | D:4      | Reached skill level 6 in Axes
  2518 | D:4      | Reached XP level 6. HP: 52/52 MP: 6/6
  2522 | D:4      | Found Onuxeky's General Store.
  2528 | D:4      | Found Heyghade's Specific Store.
  2540 | D:4      | Bought a scroll of amnesia for 42 gold pieces
  2650 | D:4      | Reached skill level 7 in Axes
  2932 | D:4      | Found a burning altar of Makhleb.
  3258 | D:5      | Entered Level 5 of the Dungeon
  3258 | D:5      | Noticed Prince Ribbit
  3275 | D:5      | HP: 1/52 [Prince Ribbit (13)]
  3276 | D:5      | Killed Prince Ribbit
  3277 | D:5      | Reached skill level 9 in Axes
  3277 | D:5      | Reached XP level 7. HP: 2/59 MP: 7/7
  3763 | D:5      | Reached skill level 10 in Axes
  4222 | D:5      | Reached XP level 8. HP: 66/66 MP: 8/8
  4327 | D:5      | Reached skill level 11 in Axes
  5180 | D:6      | Reached skill level 12 in Axes
  5345 | D:6      | Found a sparkling altar of Nemelex Xobeh.
  5371 | D:6      | Identified the +11 hunting sling of Cheibriados {flame,
                  | rPois Will+++ Dex-4 Stlth+}
  5417 | D:6      | Found Urude's Armour Boutique.
  5465 | D:6      | Identified the +6 rapier of Welfare {antimagic, rPois rCorr
                  | Dex-2 SInv}
  5670 | D:6      | Noticed a shadow
  5670 | D:6      | Noticed a boulder beetle
  5676 | D:6      | Killed a shadow
  5677 | D:6      | Reached skill level 13 in Axes
  5958 | D:6      | Annihilated by a boulder beetle

Illustrated notes

Levels and vault maps discovered:
D:1:      lemuel_arrival_hallway, layout_basic,
          nicolae_concentric_dashed_squares_mild
D:2:      layout_loops_ring, ebering_ecumenical_altar_mist, nicolae_wormholes,
          uniq_crazy_yiuf_cottage
D:3:      layout_rooms, serial_shops, shop, nicolae_shop_behind_doors,
          nicolae_shop_bloodbath_and_beyond, kennysheep_generic_room_16
D:4:      layout_cave_pools, makhleb_blood_cavern_becter, minivault_27,
          hex_large, nicolae_specific_store, chequers_jeans,
          grunt_decor_junction, minivault_4, small_statue_alley_b
D:5:      layout_basic, uniq_prince_ribbit1
D:6:      layout_basic, kennysheep_mini_moat, serial_shops, kennysheep_mini,
          minmay_three_doors

Skill      XL: |  1  2  3  4  5  6  7  8 |
---------------+-------------------------+-----
Axes           | 3 5 6 9 10 13 | 13.6
Fighting       | 4 |  4.0
Armour         | 4 |  4.0
Shields        | 4 |  4.0

Action                   |  1- 3 |  4- 6 |  7- 9 || total
-------------------------+-------+-------+-------++-------
Melee: War axe           |    93 |   144 |   114 ||   351
       Rapier            |       |       |    53 ||    53
Throw: Javelin           |       |     4 |     2 ||     6
       Dart              |       |       |     4 ||     4
Evoke: Wand              |       |     2 |       ||     2
  Use: Potion            |       |     1 |       ||     1
       Scroll            |       |       |     1 ||     1
Armor: Scale mail        |    32 |    41 |    45 ||   118
Dodge: Dodged            |    88 |    87 |   107 ||   282
Block: Buckler           |    30 |    29 |    26 ||    85
